 Dungeon Crawl Stone Soup version 0.21-a0-630-g344d351 (webtiles) character file.

12383 ricardofg the Magician (level 11, -2/64 HPs)
             Began as a Gargoyle Wizard on Dec 26, 2017.
             Was a Priest of Vehumet.
             Splashed by an acid dragon's acid (4 damage)
             ... on level 11 of the Dungeon.
             The game lasted 01:04:39 (14055 turns).

ricardofg the Magician (Gargoyle Wizard)           Turns: 14055, Time: 01:04:39

Health: -2/64      AC: 10    Str: 10    XL:     11   Next: 92%
Magic:  28/31      EV: 13    Int: 28    God:    Vehumet [***...]
Gold:   591        SH:  8    Dex:  8    Spells: 17/24 levels left

rFire    + . .     SeeInvis +   A - +2 flail (protect)
rCold    x . .     Gourm    .   (no shield)
rNeg     + . .     Faith    .   V - +2 robe of Reason {-Tele MR+ MP+9}
rPois    ∞         Spirit   .   b - +0 hat
rElec    +         Reflect  +   h - +0 cloak
rCorr    .         Harm     .   Z - +2 pair of gloves
MR       +....     NoTele   +   N - +0 pair of boots
Stlth    ++........             Y - brooch of Shielding {Reflect SH+8}
HPRegen  0.20/turn              S - ring of see invisible
MPRegen  0.22/turn              s - ring of fire

@: brilliant, corroded
A: negative energy resistance 1, electricity resistance, unbreathing,
petrification resistance, rot immunity, AC +8
a: Renounce Religion


You were on level 11 of the Dungeon.
You worshipped Vehumet.
Vehumet was most pleased with you.
You were not hungry.

You visited 2 branches of the dungeon, and saw 12 of its levels.

You collected 591 gold pieces.

Inventory:

Hand Weapons
 l - a +1 whip of freezing
 A - a +2 flail of protection (weapon)
Armour
 a - a +0 robe
 b - a +0 hat (worn)
 h - a +0 cloak (worn)
 m - a +0 troll leather armour
 N - a +0 pair of boots (worn)
 V - the +2 robe of Reason (worn) {-Tele MR+ MP+9}
   (You found it on level 9 of the Dungeon)

   It affects your resistance to hostile enchantments.
   It affects your magic capacity (+9).
   It prevents most forms of teleportation.
 Z - a +2 pair of gloves (worn)
Magical Staves
 R - an uncursed staff of air
Jewellery
 s - a ring of fire (right hand)
 y - an uncursed ring of resist corrosion
 J - an uncursed amulet of magic regeneration
 M - an uncursed ring of protection from magic
 S - a ring of see invisible (left hand)
 U - an uncursed amulet of regeneration
 Y - the brooch of Shielding (around neck) {Reflect SH+8}
   (You found it on level 9 of the Dungeon)

   [amulet of reflection]

   It shields you and reflects attacks.
   It affects your SH (+8).
Wands
 n - a wand of flame (1)
 z - a wand of polymorph (23)
 B - a wand of digging (18)
Scrolls
 j - a scroll of holy word {unknown}
 o - 4 scrolls of enchant weapon
 p - 2 scrolls of fog
 q - 6 scrolls of remove curse
 r - 2 scrolls of immolation {unknown}
 u - 2 scrolls of teleportation {unknown}
 v - a scroll of identify
 E - a scroll of vulnerability {unknown}
 K - 2 scrolls of amnesia
 X - a scroll of blinking
Potions
 e - a potion of resistance {unknown}
 i - 7 potions of curing
 k - a potion of agility {unknown}
 F - a potion of flight {unknown}
 G - 2 potions of berserk rage {unknown}
 H - 2 potions of cancellation
 I - a potion of might {unknown}
 Q - a potion of invisibility {unknown}
Books
 c - a book of Minor Magic

   Spells                             Type                      Level
   a - Magic Dart                     Conjuration                  1
   b - Blink                          Translocation                2
   c - Call Imp                       Summoning                    2
   d - Slow                           Hexes                        2
   e - Conjure Flame                  Conjuration/Fire             3
   f - Mephitic Cloud                 Conjuration/Poison/Air       3
 g - a book of Maledictions

   Spells                             Type                      Level
   a - Corona                         Hexes                        1
   b - Ensorcelled Hibernation        Hexes/Ice                    2
   c - Confuse                        Hexes                        3
   d - Tukima's Dance                 Hexes                        3
   e - Dazzling Spray                 Conjuration/Hexes            3
 x - a book of Annihilations

   Spells                             Type                      Level
   a - Poison Arrow                   Conjuration/Poison           6
   b - Chain Lightning                Conjuration/Air              8
   c - Lehudib's Crystal Spear        Conjuration/Earth            8
   d - Glaciate                       Conjuration/Ice              9
   e - Fire Storm                     Conjuration/Fire             9
 D - a book of Conjurations

   Spells                             Type                      Level
   a - Magic Dart                     Conjuration                  1
   b - Searing Ray                    Conjuration                  2
   c - Dazzling Spray                 Conjuration/Hexes            3
   d - Fulminant Prism                Conjuration/Hexes            4
   e - Force Lance                    Conjuration/Translocation    4
   f - Iskenderun's Mystic Blast      Conjuration                  4
 O - a book of Clouds

   Spells                             Type                      Level
   a - Poisonous Vapours              Poison/Air                   2
   b - Mephitic Cloud                 Conjuration/Poison/Air       3
   c - Conjure Flame                  Conjuration/Fire             3
   d - Freezing Cloud                 Conjuration/Ice/Air          6
   e - Ring of Flames                 Charms/Fire                  7
 W - a book of Cantrips

   Spells                             Type                      Level
   a - Confusing Touch                Hexes                        1
   b - Animate Skeleton               Necromancy                   1
   c - Summon Small Mammal            Summoning                    1
   d - Apportation                    Translocation                1
Miscellaneous
 f - a phantom mirror
Comestibles
 d - 14 rations
 w - 9 chunks of flesh


   Skills:
 - Level 6.0 Fighting
 + Level 5.9 Maces & Flails
 - Level 6.0 Armour
 + Level 5.1 Dodging
 - Level 2.1 Stealth
 + Level 7.4 Spellcasting
 - Level 6.7 Conjurations
   Level 0.8 Summonings
   Level 0.8 Translocations
 * Level 7.1 Fire Magic
 * Level 5.9 Air Magic
 + Level 4.2 Evocations


You had 17 spell levels left.
You knew the following spells:

 Your Spells              Type           Power        Failure   Level  Hunger
a - Magic Dart            Conj           ####         1%          1    None
b - Conjure Flame         Conj/Fire      #######.     1%          3    None
c - Mephitic Cloud        Conj/Pois/Air  ######..     1%          3    None


Dungeon Overview and Level Annotations

Branches:
Dungeon (11/15)            Temple (1/1) D:7
   Lair: D:8-11         Orc: D:9-12

Altars:
Ashenzari
Cheibriados
Dithmenos
Elyvilon
Fedhas
Gozag
Hepliaklqana
Kikubaaqudgha
Makhleb
Nemelex Xobeh
Okawaru
Qazlal
Ru
Sif Muna
Trog
Uskayaw
Vehumet
Wu Jian
Xom
Yredelemnul
Zin
The Shining One

Shops:
D:5 (


Innate Abilities, Weirdness & Mutations

You are resistant to torment.
Your stone body is resilient. (AC +8)
You are immune to poison.
You resist negative energy. (rN+)
You are resistant to electric shocks. (rElec)
You can survive without breathing.
You are immune to petrification.
You are immune to rotting.


Message History

You cannot blink because you are wearing the +2 robe of Reason {-Tele MR+ MP+9}.
Unknown command.
You feel clever all of a sudden.
The acid dragon bites you but does no damage.
The acid dragon claws you but does no damage.
The acid dragon spits acid at you. The splash of acid hits you!
* * * LOW HITPOINT WARNING * * *
You are splashed with acid!
The acid burns!
* * * LOW HITPOINT WARNING * * *
Casting: Conjure Flame
Confirm with . or Enter, or press ? or * to list all spells.
Aiming: Conjure Flame
Press: ? - help, Dir - move target cursor You feel a surge of power!
The fire ignites!
The acid dragon spits acid at you. The splash of acid hits you!
* * * LOW HITPOINT WARNING * * *
The acid corrodes you!
You are splashed with acid!
The acid burns!
You die...

#.##.# #.# #.##.#
##.##.####.####.##.#
#...............##.#
#..###############.#
#..# #.# #(.# #.#
#### #.# #########.#
#..D§@....# #####
### #.#########
##...###.###.#
..###........# ###
##########


You could see an acid dragon.

Vanquished Creatures
  2 hydras
  5 two-headed ogres
  Pikel (D:5)
  Joseph (D:7)
  2 kobold demonologists
  4 trolls
  A merfolk (D:9)
  A hippogriff (D:11)
  3 yaks (D:10)
  A vampire (D:9)
  Edmund (D:4)
  2 water moccasins
  2 eyes of draining (D:3)
  2 orc warriors
  A sky beast (D:7)
  3 ice beasts
  3 slaves (D:5)
  3 black bears
  A necrophage (D:8)
  A phantom (D:6)
  4 ogres
  3 centaurs
  A crocodile (D:11)
  3 big kobolds
  10 bullfrogs
  A wyvern zombie (D:10)
  2 scorpions
  10 killer bees
  3 wights (D:8)
  A howler monkey (D:5)
  6 crimson imps
  4 hounds
  A jelly (D:9)
  4 orc priests
  2 bullfrog skeletons
  A centaur skeleton (D:9)
  6 iguanas
  12 orc wizards
  Ijyb (D:4)
  Natasha (thrice) (D:4 D:3)
  8 worker ants
  A hound skeleton (D:8)
  9 adders
  4 gnolls
  A howler monkey skeleton (D:8)
  2 shadow imps
  2 oozes
  An adder zombie (D:9)
  4 worms
  A dart slug (D:2)
  8 leopard geckos
  27 orcs
  4 ball pythons
  4 giant cockroaches
  7 goblins
  6 hobgoblins
  2 jackals (D:8)
  4 quokkas
  13 bats
  5 frilled lizards
  A jackal skeleton (D:7)
  22 kobolds
  A quokka skeleton (D:4)
  2 rats (D:3)
257 creatures vanquished.

Vanquished Creatures (collateral kills)
  A killer bee (D:10)
  An iguana (D:8)
2 creatures vanquished.

Vanquished Creatures (others)
  A bullfrog zombie (D:5)
  A hound (D:8)
  A kobold (D:10)
3 creatures vanquished.

Grand Total: 262 creatures vanquished

Notes
Turn   | Place    | Note
-------+----------+-------------------------------------------
     0 | D:1      | ricardofg the Gargoyle Wizard began the quest for the Orb.
     0 | D:1      | Reached XP level 1. HP: 10/10 MP: 4/4
   333 | D:1      | Reached XP level 2. HP: 15/15 MP: 0/6
  1061 | D:2      | Reached XP level 3. HP: 19/19 MP: 0/8
  1386 | D:2      | Learned a level 3 spell: Conjure Flame
  1390 | D:2      | Learned a level 3 spell: Mephitic Cloud
  2066 | D:3      | Reached XP level 4. HP: 22/24 MP: 2/9
  2380 | D:3      | Noticed an eye of draining
  2380 | D:3      | Noticed an eye of draining
  2711 | D:3      | Reached XP level 5. HP: 18/28 MP: 3/11
  3134 | D:3      | Found a glowing silver altar of Zin.
  3621 | D:4      | Noticed Natasha
  3625 | D:4      | Killed Natasha
  3695 | D:4      | Noticed Edmund
  4086 | D:4      | Noticed Natasha
  4092 | D:4      | Killed Natasha
  4171 | D:4      | Noticed Ijyb
  4182 | D:4      | Killed Ijyb
  4182 | D:4      | Reached XP level 6. HP: 28/32 MP: 2/13
  4208 | D:4      | Noticed Natasha
  4378 | D:3      | Killed Natasha
  4604 | D:4      | Killed Edmund
  4604 | D:4      | Reached skill level 5 in Spellcasting
  4672 | D:4      | Reached skill level 1 in Fighting
  4758 | D:5      | Entered Level 5 of the Dungeon
  4765 | D:5      | Reached skill level 1 in Armour
  4765 | D:5      | Reached XP level 7. HP: 37/38 MP: 14/14
  4772 | D:5      | Found a sacrificial altar of Ru.
  4791 | D:5      | Reached skill level 1 in Maces & Flails
  4800 | D:5      | Reached skill level 1 in Fire Magic
  4824 | D:5      | Reached skill level 5 in Conjurations
  5019 | D:5      | Reached skill level 1 in Air Magic
  5502 | D:5      | Noticed Pikel
  5678 | D:5      | Killed Pikel
  5678 | D:5      | Reached XP level 8. HP: 45/45 MP: 2/16
  5770 | D:5      | Found Daraes's Weapon Shop.
  6223 | D:5      | Found a hazy altar of Hepliaklqana.
  6803 | D:6      | Reached XP level 9. HP: 46/51 MP: 0/17
  7116 | D:6      | Found an opulent altar of Gozag.
  7856 | D:3      | Found a bloodstained altar of Trog.
  7902 | D:3      | Reached skill level 1 in Evocations
  8136 | D:7      | Found a staircase to the Ecumenical Temple.
  8187 | Temple   | Entered the Ecumenical Temple
  8302 | Temple   | Became a worshipper of Vehumet
  8493 | D:7      | Found a shadowy altar of Dithmenos.
  8640 | D:7      | Noticed Joseph
  8817 | D:7      | Killed Joseph
  8845 | D:7      | Reached XP level 10. HP: 49/58 MP: 19/19
  8949 | D:7      | Found a shadowy altar of Dithmenos.
  9306 | D:8      | Noticed a two-headed ogre
  9320 | D:8      | Killed a two-headed ogre
  9339 | D:8      | Reached * piety under Vehumet
  9339 | D:8      | Offered knowledge of Sting by Vehumet.
  9821 | D:8      | Noticed a two-headed ogre
  9845 | D:8      | Killed a two-headed ogre
  9845 | D:8      | Reached skill level 5 in Fighting
  9845 | D:8      | Reached skill level 5 in Armour
  9845 | D:8      | Reached skill level 5 in Fire Magic
  9984 | D:9      | Noticed a two-headed ogre
 10060 | D:9      | Got a creamy pearl robe
 10071 | D:9      | Identified the +2 robe of Reason {-Tele MR+ MP+9} (You found it on level 9 of the Dungeon)
 10165 | D:9      | Noticed a two-headed ogre
 10494 | D:9      | Found the brooch of Shielding {Reflect SH+8}
 10562 | D:9      | Reached ** piety under Vehumet
 10562 | D:9      | Offered knowledge of Flame Tongue by Vehumet.
 10719 | D:9      | Killed a two-headed ogre
 10728 | D:9      | Noticed a six-headed hydra
 10739 | D:9      | Killed a six-headed hydra
 10739 | D:9      | Reached skill level 5 in Maces & Flails
 10739 | D:9      | Reached XP level 11. HP: 29/64 MP: 21/21
 11152 | D:9      | Killed a two-headed ogre
 11416 | D:9      | Reached skill level 5 in Air Magic
 11555 | D:10     | Entered Level 10 of the Dungeon
 12283 | D:10     | Noticed a two-headed ogre
 12334 | D:10     | Offered knowledge of Inner Flame by Vehumet.
 12466 | D:10     | Killed a two-headed ogre
 13227 | D:11     | Noticed an eight-headed hydra
 13244 | D:11     | Killed an eight-headed hydra
 13263 | D:11     | Reached skill level 5 in Dodging
 13272 | D:11     | Reached *** piety under Vehumet
 14051 | D:11     | HP: 3/64 [acid (16)]
 14055 | D:11     | Splashed by an acid dragon's acid

Vault maps used:
D:1:      mushboom_english_gardens
D:2:      first_ration, moated_statue
D:3:      trog_eyes_of_draining, zin_academy, lemuel_statue_altar
D:4:      uniq_natasha, uniq_ijyb, uniq_edmund
D:5:      marbit_many_paths, nicolae_ru_awakened_eye, serial_shops,
          kennysheep_little_box, uniq_pikel
D:6:      grunt_gozag_breadcrumbs, kennysheep_generic_room_11
D:7:      lemuel_round_altar, minmay_temple_entry_glass, grunt_dithmenos_smoke,
          uniq_joseph
D:9:      hangedman_fish_farm
D:11:     erik_lair_dragon
Temple:   lightli_temple_of_artemis

Skill      XL: |  1  2  3  4  5  6  7  8  9 10 11 |
---------------+----------------------------------+-----
Conjurations   | 2 3 4 5 6 |  6.7
Spellcasting   | 4 5 6 7 |  7.4
Fighting       | 1 2 3 4 5 6 |  6.0
Armour         | 1 2 3 4 5 6 |  6.0
Maces & Flails | 2 3 4 5 |  5.9
Fire Magic     | 2 3 4 5 7 |  7.1
Dodging        | 2 3 4 5 |  5.1
Air Magic      | 1 2 3 4 5 |  5.9
Evocations     | 2 3 4 |  4.2
Stealth        | |  2.1
Summonings     | |  0.8
Translocations | |  0.8

Action                   |  1- 3 |  4- 6 |  7- 9 | 10-12 || total
-------------------------+-------+-------+-------+-------++-------
Melee: Whip              |    13 |    36 |       |       ||    49
       Dagger            |    48 |    20 |       |       ||    68
       Flail             |       |     7 |   227 |   361 ||   595
       Unarmed           |       |     2 |       |       ||     2
 Cast: Magic Dart        |    61 |   127 |   201 |   314 ||   703
       Mephitic Cloud    |       |     4 |    27 |    30 ||    61
       Conjure Flame     |       |     3 |     1 |     9 ||    13
Evoke: Wand              |       |     1 |     2 |    23 ||    26
  Use: Scroll            |       |     7 |     3 |     7 ||    17
       Potion            |       |       |       |     2 ||     2
 Stab: Sleeping          |     1 |     1 |     3 |       ||     5
       Confused          |       |       |     5 |     5 ||    10
  Eat: Chunk             |     3 |     6 |     3 |     6 ||    18
       Ration            |       |     1 |     3 |     4 ||     8
Armor: Robe              |    27 |    40 |   121 |   250 ||   438
Dodge: Dodged            |    53 |    77 |   156 |   315 ||   601
Block: Other             |       |       |       |   159 ||   159
       Reflection        |       |       |       |     4 ||     4

Table legend:
 A = Spawn XP
 B = Non-spawn XP
 C = Spawn XP percentage of total XP
 D = Spawn monster count
 E = Non-spawn monster count
 F = Spawn count percentage of total count
 G = Total turns spent on level
                    A         B        C        D         E        F      G
               +---------+---------+-------+---------+---------+-------+---------
         Total |       0 |   17691 |   0.0 |       0 |     257 |   0.0 | 14055
               +---------+---------+-------+---------+---------+-------+---------
           D:1 |       0 |      28 |   0.0 |       0 |      14 |   0.0 |  1032
           D:2 |       0 |      31 |   0.0 |       0 |      14 |   0.0 |   959
           D:3 |       0 |     441 |   0.0 |       0 |      39 |   0.0 |  2006
           D:4 |       0 |     375 |   0.0 |       0 |      12 |   0.0 |  1084
           D:5 |       0 |    1290 |   0.0 |       0 |      25 |   0.0 |  1717
           D:6 |       0 |     962 |   0.0 |       0 |      20 |   0.0 |  1276
           D:7 |       0 |    1792 |   0.0 |       0 |      30 |   0.0 |   895
           D:8 |       0 |    2667 |   0.0 |       0 |      29 |   0.0 |  1038
           D:9 |       0 |    4514 |   0.0 |       0 |      31 |   0.0 |  1843
          D:10 |       0 |    2864 |   0.0 |       0 |      20 |   0.0 |  1041
          D:11 |       0 |    2727 |   0.0 |       0 |      23 |   0.0 |   914
               +---------+---------+-------+---------+---------+-------+---------
